 Dungeon Crawl Stone Soup version 0.26-a0-639-g72c4674329 (webtiles) character file.

Game seed: 3192447106970748159

32603 Flugslaktarn the Cleaver (level 13, -13/127 HPs)
             Began as a Deep Dwarf Fighter on Sept 29, 2020.
             Was a High Priest of Makhleb.
             Killed by divine providence
             ... invoked by a meliai
              (15 damage)
             ... on level 14 of the Dungeon.
             The game lasted 00:09:23 (9101 turns).

Flugslaktarn the Cleaver (Deep Dwarf Fighter)       Turns: 9101, Time: 00:09:23

Health: -13/127    AC: 23    Str: 24    XL:     13   Next: 32%
Magic:  2/2        EV:  9    Int: 10    God:    Makhleb [*****.]
Gold:   355        SH: 11    Dex: 12    Spells: 12/12 levels left

rFire    + . .     SeeInvis .   D - +0 broad axe
rCold    . . .     Faith    +   c - +1 kite shield
rNeg     . . .     Spirit   .   i - +0 plate armour
rPois    .         Reflect  .   (no helmet)
rElec    .         Harm     .   (no cloak)
rCorr    .         Rampage  +   n - +4 pair of gloves "Minwoop" {Rampage +Fly}
MR       +....                  p - +2 pair of boots
Stlth    ..........             a - amulet of faith
HPRegen  0.00/turn              f - ring of protection from fire
MPRegen  0.08/turn              (no ring)

@: non-regenerating
A: damage resistance, heal wounds, sense surroundings 2, no regeneration
a: Heal Wounds, Minor Destruction, Lesser Servant of Makhleb, Major Destruction,
Greater Servant of Makhleb, Renounce Religion, Evoke Flight


You were on level 14 of the Dungeon.
You worshipped Makhleb.
Makhleb was extremely pleased with you.
You visited 2 branches of the dungeon, and saw 16 of its levels.
You visited 1 bazaar.
You also visited: Gauntlet.

You collected 931 gold pieces.
You spent 576 gold pieces at shops.

Inventory:

Hand Weapons
 D - a +0 broad axe (weapon)
   (You found it on level 12 of the Dungeon)
Missiles
 m - 2 throwing nets (quivered)
Armour
 c - a +1 kite shield (worn)
 i - a +0 plate armour (worn)
   (You took it off an orc warrior on level 8 of the Dungeon)
 n - the +4 pair of gloves "Minwoop" (worn) {Rampage +Fly}
   (You found it in a Gauntlet)

   It lets you fly.
   It bestows one free step when moving towards enemies.
 p - a +2 pair of boots (worn)
   (You found it on level 6 of the Dungeon)
Jewellery
 a - an amulet of faith (around neck)
   (You found it on level 13 of the Dungeon)
 e - an uncursed amulet of the acrobat
   (You found it on level 8 of the Dungeon)
 f - a ring of protection from fire (left hand)
   (You found it on level 12 of the Dungeon)
Wands
 j - a wand of paralysis (1)
   (You found it on level 6 of the Dungeon)
 A - a wand of iceblast (4)
   (You found it in a Gauntlet)
 B - a wand of digging (9)
   (You found it in a Gauntlet)
Scrolls
 h - 2 scrolls of immolation
 k - 6 scrolls of enchant armour
 r - 5 scrolls of identify
 s - 2 scrolls of enchant weapon
 t - 4 scrolls of teleportation
 x - 15 scrolls of remove curse
 z - 2 scrolls of blinking
Potions
 b - 2 potions of invisibility
 d - 3 potions of might
 g - 2 potions of lignification
 l - 6 potions of mutation
 q - a potion of curing
 u - 8 potions of ambrosia
 v - 2 potions of brilliance
 w - 5 potions of heal wounds
 C - a potion of cancellation {unknown}


   Skills:
 * Level 11.4 Fighting
 * Level 13.0 Axes
 + Level 10.0 Armour
 + Level 8.6 Dodging
 - Level 5.0 Shields
 + Level 10.4 Invocations
 + Level 6.9 Evocations


You had 12 spell levels left.
You didn't know any spells.
Your spell library was empty.

Dungeon Overview and Level Annotations

Branches:
Dungeon (15/15)            Temple (1/1) D:5            Lair (0/6) D:8
    Orc (0/2) D:10         Vaults (0/5) D:13        Gauntlet (visited)
 Depths: D:15

Altars:
Ashenzari
Cheibriados
Dithmenos
Elyvilon
Fedhas
Gozag
Hepliaklqana
Kikubaaqudgha
Makhleb
Nemelex Xobeh
Qazlal
Ru
Sif Muna
Trog
Uskayaw
Vehumet
Wu Jian
Xom
Yredelemnul
Zin
The Shining One
Beogh

Shops:
D:7 ?   D:12 (   D:13 [   D:14 :[*[

Portals:
Sewer: D:4

Annotations:
D:12 exclusion: ice statue
D:13 Kirke, Rupert
D:14 1 runed translucent door, Ageugel's ghost, journeyman MiFi


Innate Abilities, Weirdness & Mutations

You are resistant to damage.
You can heal yourself by infusing magical energy.
You passively map the area around you.
You do not regenerate.


Message History

The meliai stings you but does no damage.
The meliai invokes the aid of its god against you.
Something smites you!
* * * LOW HITPOINT WARNING * * *
The meliai hits you with a +0 hand axe.
* * * LOW HITPOINT WARNING * * *
The meliai stings you but does no damage.
Evoke which item? (* to show all) (? for menu, Esc to quit)
Okay, then.
Evoke which item? (* to show all) (? for menu, Esc to quit)
Aiming: Paralyse
Press: ? - help, Shift-Dir - straight line, f - meliai
Aim: a meliai, wielding a +0 hand axe and wearing a cursed +0 robe (lightly wounded, chance to defeat MR: 67%)
The meliai struggles to resist.
The meliai mumbles some strange prayers to its god against you.
Something smites you!
* * * LOW HITPOINT WARNING * * *
The meliai invokes the aid of its god against you.
Something smites you!
You die...

#..# #.#
#........###.# #..#
#.# #.........#.##
#..# #.#
##.##...##.##
#####..# #.#
#.###.#####
#.)รท...###.#####.#
#.#
#.####...........#
#.#
###.########.#######
#.# #..)..#
#.####### #.# ##
#..)..# #.@yyY..#
#.# #. #.....#
#######.# #.# #.
#.....# *********,*
#.# #. #.....#
*,,,,,,,,,* *,* #.
#.##### *,*********
*,* #. #.# *,* *,*
#. #.# *,* *,* #.
#.# *,* *,* ***#.
#.# *,* ***,***.,.#


You could see an ice beast and 2 meliai.

Vanquished Creatures
  Frances (D:13)
  A minotaur (Gauntlet)
  Nessos (D:14)
  A hydra (D:11)
  Erolcha (D:13)
  3 centaur warriors
  3 two-headed ogres
  A fire crab (Gauntlet)
  An unseen horror (D:11)
  A lindwurm (shapeshifter) (D:14)
  A wolf spider zombie (D:14)
  15 ugly things
  A manticore (D:11)
  A centaur zombie (D:14)
  A centaur skeleton (D:13)
  A rime drake (shapeshifter) (D:13)
  A kobold demonologist (D:11)
  A komodo dragon (D:13)
  An ice devil (Gauntlet)
  A queen bee (D:10)
  A troll (D:14)
  4 meliai
  4 hippogriffs
  A dream sheep (shapeshifter) (D:13)
  A meliai zombie (D:12)
  A water elemental (D:13)
  4 wyverns
  A wraith (D:13)
  10 yaks (D:14)
  A yak (shapeshifter) (D:13)
  3 basilisks
  A hog (D:13)
  2 fire bats (Gauntlet)
  2 steam dragons
  4 vampire mosquitoes (D:13)
  A soldier ant (D:10)
  Edmund (D:6)
  3 porcupines (D:8)
  2 water moccasins (D:11)
  An ice beast (D:5)
  3 black bears
  A meliai simulacrum (D:11)
  11 orc warriors
  2 phantoms
  4 sky beasts
  4 ogres
  5 centaurs
  3 wolves (D:8)
  2 crocodiles (D:8)
  A big kobold (D:11)
  8 bullfrogs
  Blork the orc (D:4)
  A wyvern skeleton (D:8)
  2 scorpions
  12 wights
  28 killer bees
  3 howler monkeys
  3 bullfrog zombies
  6 hounds
  A bullfrog skeleton (D:12)
  9 orc priests
  4 iguanas
  A jelly (D:13)
  19 orc wizards
  Ijyb (D:4)
  9 worker ants
  2 hound zombies
  A hound skeleton (D:9)
  3 gnolls (D:3)
  9 adders
  A river rat (D:4)
  3 shadow imps
  4 white imps
  2 ufetubi (D:10)
  A worm (D:4)
  3 leopard geckos
  61 orcs
  6 ball pythons
  3 bats
  A giant cockroach (D:4)
  A goblin (D:3)
  3 hobgoblins
  10 jackals
  9 kobolds
  3 quokkas
  4 frilled lizards
  A leopard gecko zombie (D:7)
  3 rats (D:4)
364 creatures vanquished.

Vanquished Creatures (others)
  A centaur skeleton (D:10)
  2 fungi (D:8)
  16 plants
19 creatures vanquished.

Grand Total: 383 creatures vanquished

Notes
Turn   | Place    | Note
-------+----------+-------------------------------------------
     0 | D:1      | Flugslaktarn the Deep Dwarf Fighter began the quest for the
                  | Orb.
     0 | D:1      | Reached XP level 1. HP: 20/20 MP: 1/1
   104 | D:3      | Reached XP level 2. HP: 25/27 MP: 2/2
   113 | D:3      | Reached XP level 3. HP: 28/34 MP: 3/3
   189 | D:3      | Reached skill level 3 in Axes
   202 | D:3      | Reached XP level 4. HP: 29/42 MP: 4/4
   245 | D:3      | Found a shadowy altar of Dithmenos.
   248 | D:3      | Found a glowing silver altar of Zin.
   395 | D:3      | Reached XP level 5. HP: 45/50 MP: 5/5
   563 | D:4      | Noticed a centaur
   574 | D:4      | Killed a centaur
   574 | D:4      | Reached skill level 4 in Axes
   627 | D:4      | Found a roughly hewn altar of Beogh.
   630 | D:4      | Reached XP level 6. HP: 57/57 MP: 5/5
   756 | D:4      | Noticed Ijyb
   780 | D:4      | Killed Ijyb
   815 | D:4      | Found a shimmering blue altar of Sif Muna.
   824 | D:4      | Found a snail-covered altar of Cheibriados.
   824 | D:4      | Found a white marble altar of Elyvilon.
   826 | D:4      | Found a stormy altar of Qazlal.
   864 | D:4      | Noticed Blork the orc
   875 | D:4      | Killed Blork the orc
   951 | D:4      | Found a glowing drain.
  1038 | D:5      | Entered Level 5 of the Dungeon
  1229 | D:5      | Found a staircase to the Ecumenical Temple.
  1251 | D:5      | Noticed a sky beast
  1279 | Temple   | Entered the Ecumenical Temple
  1345 | Temple   | Became a worshipper of Makhleb the Destroyer
  1381 | D:5      | Killed a sky beast
  1381 | D:5      | Reached skill level 5 in Axes
  1381 | D:5      | Reached XP level 7. HP: 43/66 MP: 4/4
  1470 | D:5      | Reached skill level 1 in Invocations
  1482 | D:5      | Reached skill level 5 in Fighting
  1942 | D:6      | Noticed Edmund
  1966 | D:6      | Killed Edmund
  1966 | D:6      | Reached skill level 5 in Armour
  1966 | D:6      | Reached skill level 5 in Shields
  2020 | D:6      | Reached skill level 6 in Axes
  2020 | D:6      | Reached XP level 8. HP: 42/75 MP: 6/6
  2064 | D:6      | Reached skill level 1 in Dodging
  2664 | D:7      | You fall into a shaft and drop 1 floor!
  2671 | D:8      | Reached * piety under Makhleb
  2676 | D:8      | Reached skill level 7 in Axes
  2766 | D:8      | Noticed a two-headed ogre
  2803 | D:8      | Killed a two-headed ogre
  2803 | D:8      | Gained mutation: You passively map the area around you.
                  | [Deep Dwarf growth]
  2803 | D:8      | Reached XP level 9. HP: 33/85 MP: 8/8
  2862 | D:8      | Reached skill level 8 in Axes
  2961 | D:8      | Found a staircase to the Lair.
  2970 | D:8      | Reached skill level 5 in Invocations
  3050 | D:7      | Found Tumm's Magic Scroll Shop.
  3058 | D:7      | Bought a scroll of enchant armour for 120 gold pieces
  3428 | D:7      | Found a sparkling altar of Nemelex Xobeh.
  3842 | D:8      | Reached ** piety under Makhleb
  3855 | D:8      | Reached XP level 10. HP: 63/96 MP: 8/8
  3979 | D:8      | Found an ancient bone altar of Kikubaaqudgha.
  4059 | D:8      | Reached skill level 9 in Axes
  4695 | D:9      | Found a snail-covered altar of Cheibriados.
  4863 | D:10     | Entered Level 10 of the Dungeon
  4930 | D:10     | Reached skill level 5 in Dodging
  5037 | D:10     | Reached *** piety under Makhleb
  5083 | D:10     | Reached skill level 10 in Axes
  5473 | D:10     | Found a staircase to the Orcish Mines.
  5587 | D:11     | Noticed a red ugly thing
  5599 | D:11     | Killed a red ugly thing
  5622 | D:11     | Reached XP level 11. HP: 96/104 MP: 6/6
  5654 | D:11     | Reached **** piety under Makhleb
  5805 | D:11     | Noticed an eight-headed hydra
  5855 | D:11     | Killed a 13-headed hydra
  6138 | D:11     | Killed an unseen horror
  6138 | D:11     | Reached skill level 1 in Evocations
  6373 | D:11     | Found a shadowy altar of Dithmenos.
  6493 | D:12     | Found Soiclim's Antique Weapon Shoppe.
  6541 | D:12     | Found a gate leading to a gauntlet.
  6550 | Gauntlet | Entered a Gauntlet
  6550 | Gauntlet | Found a transporter.
  6550 | Gauntlet | Found a transporter.
  6550 | Gauntlet | Found a transporter.
  6553 | Gauntlet | Noticed a queen ant
  6560 | Gauntlet | Found a transporter.
  6563 | Gauntlet | Found a transporter.
  6571 | Gauntlet | Found a transporter.
  6571 | Gauntlet | Noticed a death ooze
  6574 | Gauntlet | Found a transporter.
  6582 | Gauntlet | Found a transporter.
  6600 | Gauntlet | Found a transporter.
  6617 | Gauntlet | Found a transporter.
  6620 | Gauntlet | Found a transporter.
  6621 | Gauntlet | Noticed a fire crab
  6630 | Gauntlet | Found a transporter.
  6754 | Gauntlet | Killed a fire crab
  6769 | Gauntlet | Reached skill level 11 in Axes
  6855 | Gauntlet | Got a pair of translucent gloves
  6861 | Gauntlet | Identified the +4 pair of gloves "Minwoop" {Rampage +Fly}
                  | (You found it in a Gauntlet)
  6875 | Gauntlet | Noticed a minotaur
  6909 | Gauntlet | Killed a minotaur
  7199 | D:12     | Noticed a green ugly thing
  7212 | D:12     | Killed a green ugly thing
  7268 | D:12     | Reached skill level 10 in Fighting
  7536 | D:13     | Found Jurai's Armour Shop.
  7538 | D:13     | Noticed Erolcha
  7555 | D:13     | Killed Erolcha
  7731 | D:13     | Reached XP level 12. HP: 75/116 MP: 4/4
  7750 | D:13     | Reached ***** piety under Makhleb
  7765 | D:13     | Noticed Rupert
  7854 | D:13     | Noticed Frances
  7856 | D:13     | Noticed a two-headed ogre
  7878 | D:13     | Killed Frances
  7889 | D:13     | Killed a two-headed ogre
  7889 | D:13     | Reached skill level 12 in Axes
  7901 | D:13     | Reached skill level 5 in Evocations
  7925 | D:13     | Noticed a centaur warrior
  7944 | D:13     | Killed a centaur warrior
  8094 | D:13     | Found a gate to the Vaults.
  8139 | D:13     | Noticed Kirke
  8157 | D:13     | Noticed a sphinx
  8178 | D:14     | Noticed a centaur warrior
  8180 | D:15     | Entered Level 15 of the Dungeon
  8312 | D:14     | Found Amnoerch's Antique Armour Shoppe.
  8318 | D:14     | Found Nucerae's Book Shop.
  8350 | D:14     | Found Jafiak's General Store.
  8388 | D:14     | Found Xunko Yru's Antique Armour Boutique.
  8409 | D:14     | Noticed a centaur warrior
  8409 | D:14     | Noticed a two-headed ogre
  8416 | D:14     | Killed a two-headed ogre
  8421 | D:14     | Killed a centaur warrior
  8436 | D:14     | Reached skill level 10 in Invocations
  8442 | D:14     | Found a flickering gateway to a bazaar.
  8461 | Bazaar   | Entered a bazaar
  8478 | Bazaar   | Found Egiu's Gadget Shop.
  8509 | Bazaar   | Found Medelitt's Gadget Shop.
  8531 | Bazaar   | Found Vosie's Distillery.
  8557 | Bazaar   | Found Uryapa Ijian's Distillery.
  8592 | Bazaar   | Bought 2 potions of mutation for 224 gold pieces
  8592 | Bazaar   | Bought a potion of mutation for 112 gold pieces
  8642 | D:14     | Bought a scroll of enchant armour for 120 gold pieces
  8700 | D:14     | Killed a centaur warrior
  8700 | D:14     | Reached XP level 13. HP: 62/127 MP: 3/3
  8709 | D:14     | Found a runed translucent door.
  8709 | D:14     | Noticed Ageugel's ghost (journeyman MiFi)
  8896 | D:14     | Noticed Nessos
  8945 | D:14     | Killed Nessos
  8959 | D:14     | Reached skill level 13 in Axes
  8974 | D:14     | Reached skill level 10 in Armour
  9101 | D:14     | HP: 2/127 [meliai/divine providence (13)]
  9101 | D:14     | Killed from afar by a meliai

Illustrated notes

Levels and vault maps discovered:
D:1:      dpeg_arrival_shelter, layout_basic, evilmike_ruin_ashenzari
D:2:      layout_basic, okawaru_trees_2
D:3:      layout_rooms, amethyst_overflow_temple_binary
D:4:      layout_cave_pools, minitemple, portal_sewer_entry_b,
          kennysheep_orc_chapel, uniq_ijyb, uniq_blork_the_orc
D:5:      layout_loops_ring, minmay_temple_entry_stoned_glass
D:6:      cheibrodos_steamvent, layout_cave_pools, uniq_edmund
D:7:      layout_layer_cave, serial_shops, shop_fountains,
          nemelex_diamond_rough_becter
D:8:      layout_loops_ring, kennysheep_mini_moat, minmay_lair_entry_grove,
          chequers_decorated_corner, minmay_misc_feat_rugged
D:9:      layout_long_grid, kennysheep_flooded_box
D:10:     layout_gridville, orc_0_dummy, special_room [special_room_bee]
D:11:     layout_gridville, grunt_dithmenos_shadows
D:12:     layout_loops_cross, serial_shops, shop, gauntlet_entry_generic,
          minivault_16
D:13:     layout_big_octagon, david_vaults_2, serial_shops,
          nicolae_shop_window_shopping, gammafunk_ghost_nasty_kobolds,
          serial_bayou_ford_a, uniq_erolcha, uniq_frances, uniq_rupert,
          uniq_kirke
D:14:     layout_loops_ring, hellmonk_ghost_happy_afterlife, serial_shops,
          freezing_bzr, shop, shop, nicolae_shop_behind_doors,
          nicolae_shop_overgrown_old_shop, uniq_nessos
D:15:     hangedman_depths_entry_civil_slaughter, layout_irregular_city,
          moated_statue, serial_column_ruins, column_ruins_corridor_straight,
          column_ruins_columns_straight, column_ruins_grid_3,
          column_ruins_open_tiny, column_ruins_grid_1, not_door_vault_due,
          uniq_azrael
Temple:   zaba_magenta_temple

Skill      XL: |  1  2  3  4  5  6  7  8  9 10 11 12 13 |
---------------+----------------------------------------+-----
Fighting       | 3 4 5 6 7 8 10 11 | 11.4
Axes           | 3 4 5 6 7 8 10 11 12 13 | 13.0
Shields        | 4 5 |  5.0
Armour         | 4 5 6 7 8 9 10 | 10.0
Invocations    | 2 4 5 7 8 10 | 10.4
Dodging        | 3 4 5 7 8 |  8.6
Evocations     | 3 6 |  6.9

Action                   |  1- 3 |  4- 6 |  7- 9 | 10-12 | 13-15 || total
-------------------------+-------+-------+-------+-------+-------++-------
Melee: War axe           |    54 |   179 |   297 |   591 |       ||  1121
       Broad axe         |       |       |       |   348 |   173 ||   521
Invok: Lesser Servant of |       |       |       |     3 |       ||     3
 Abil: Heal Wounds       |     1 |     8 |    16 |    49 |     5 ||    79
       Evoke Flight      |       |       |       |     1 |       ||     1
Evoke: Wand              |       |       |       |     3 |     3 ||     6
  Use: Scroll            |       |       |    15 |    15 |       ||    30
       Potion            |       |       |       |     6 |     1 ||     7
 Stab: Paralysed         |       |       |       |       |     7 ||     7
Armor: Scale mail        |    32 |    86 |    20 |       |       ||   138
       Chain mail        |       |       |    73 |       |       ||    73
       Plate armour      |       |       |    67 |   639 |    88 ||   794
       Skin              |       |       |       |   164 |       ||   164
Dodge: Dodged            |    18 |    55 |    92 |   370 |    25 ||   560
Block: Kite shield       |    30 |    86 |   195 |   698 |    82 ||  1091

Table legend: (Time is in decaauts)
 A = Elapsed time spent in this place.
 B = Non-inter-level travel time spent in this place.
 C = Inter-level travel time spent in this place.
 D = Time resting spent in this place.
 E = Time spent auto-exploring this place.
 F = Levels seen in this place.
 G = Mean time per level.
                   A        B        C        D        E       F      G
               +--------+--------+--------+--------+--------+-----+--------+
         Total |   9313 |   8932 |    381 |    172 |   5601 |  18 |  517.4 |
       Dungeon |   8724 |   8355 |    369 |    172 |   5317 |  15 |  581.6 |
        Temple |     79 |     67 |     12 |      0 |     57 |   1 |   79.0 |
        Bazaar |    141 |    141 |      0 |      0 |     94 |   1 |  141.0 |
      Gauntlet |    368 |    368 |      0 |      0 |    133 |   1 |  368.0 |
               +--------+--------+--------+--------+--------+-----+--------+

Top non-repeatable levels by time:
     D:7: 1032 daAuts
    D:11: 924 daAuts
     D:8: 916 daAuts
     D:5: 764 daAuts
    D:14: 750 daAuts
    D:10: 717 daAuts
    D:12: 680 daAuts
    D:13: 648 daAuts
     D:6: 610 daAuts
     D:4: 535 daAuts
     D:9: 524 daAuts
     D:3: 468 daAuts
Gauntlet: 368 daAuts
  Bazaar: 141 daAuts
  Temple: 79 daAuts
